 Seeded DCSS version 0.31-a0-544-gceb718ecc6 (webtiles) character file.

Game seed: 3826825538972431165 (custom seed)

1414 innerfire43 the Trooper (level 8, -5/65 HPs)
             Began as a Demonspawn Monk on Aug 14, 2023.
             Was a Believer of Qazlal.
             Slain by Duvessa
             ... wielding a +0 short sword
              (10 damage)
             ... on level 4 of the Dungeon on Aug 15, 2023.
             The game lasted 00:06:29 (3276 turns).

innerfire43 the Trooper (Demonspawn Monk)           Turns: 3276, Time: 00:06:29

Health: -5/65      AC:  8    Str: 14    XL:     8   Next: 43%
Magic:  8/8        EV: 10    Int: 11    God:    Qazlal [**....]
Gold:   261        SH:  6    Dex: 16    Spells: 7/7 levels left

rFire   . . .        a - +0 spear
rCold   + . .        d - orb {light}
rNeg    . . .        b - +0 robe
rPois   .            e - +0 mask of the Dragon {Will+ Slay+3 SInv}
rElec   .            (no cloak)
rCorr   .            (no gloves)
SInv    +            (no boots)
Will    +....        (no amulet)
Stlth   +            q - ring of protection from cold
HPRegen 0.30/turn    (no ring)
MPRegen 0.22/turn

%: no passive effects
@: glowing, constricted
A: hooves 1, molten scales 1, icemail 1, magic regeneration, condensation shield
a: Renounce Religion, Upheaval


You were on level 4 of the Dungeon.
You worshipped Qazlal.
Qazlal was pleased with you.
You visited 1 branch of the dungeon, and saw 4 of its levels.
You also visited: Ossuary.

You collected 261 gold pieces.

Inventory:

Hand Weapons
 a - a +0 spear (weapon)
Armour
 b - a +0 robe (worn)
 d - an orb of light (worn)
 e - the +0 mask of the Dragon (worn) {Will+ Slay+3 SInv}
   (You acquired it on level 1 of the Dungeon)

   Slay+3:    It affects your accuracy & damage with ranged weapons and melee
   (+3).
   Will+:     It increases your willpower.
   SInv:      It lets you see invisible.
 r - a +0 helmet
Jewellery
 c - a ring of see invisible
 q - a ring of protection from cold (left hand)
Wands
 A - a wand of polymorph (12)
Scrolls
 f - 2 scrolls of vulnerability {unknown}
 g - a scroll of amnesia {unknown}
 h - 2 scrolls of brand weapon {unknown}
 j - 2 scrolls of identify {unknown}
 k - 7 scrolls of noise
 o - a scroll of torment {unknown}
 s - 2 scrolls of enchant armour {unknown}
 v - a scroll of fog {unknown}
 w - a scroll of enchant weapon {unknown}
 x - a scroll of blinking {unknown}
 y - a scroll of fear {unknown}
Potions
 i - 2 potions of mutation {unknown}
 l - a potion of enlightenment {unknown}
 m - 3 potions of curing {unknown}
 n - 2 potions of cancellation {unknown}
 p - 4 potions of brilliance {unknown}
 t - 2 potions of invisibility {unknown}
 u - 2 potions of might {unknown}
 z - a potion of haste {unknown}
 B - a potion of lignification {unknown}


   Skills:
 + Level 6.8 Fighting
 + Level 6.0 Polearms
 + Level 5.0 Armour
 - Level 3.1 Dodging


You had 7 spell levels left.
You didn't know any spells.
Your spell library was empty.

Dungeon Overview and Level Annotations

Branches:
Dungeon (4/15)            Ossuary (visited)
 Temple: D:4-7

Altars:
Qazlal

Annotations:
D:4 Duvessa


Innate Abilities, Weirdness & Mutations

You have large cloven feet.
You are partially covered in molten scales. (AC +2)
A meltable icy envelope protects you from harm. (AC +4)
You regenerate magic rapidly.
A meltable shield of frost defends you. (SH +4)


Message History

Duvessa is heavily wounded.
You block Duvessa's attack.
The ball python bites you but does no damage.
The ball python constricts you.
Unknown command.
You puncture Duvessa! You kick Duvessa, but do no damage.
Duvessa is heavily wounded.
Duvessa barely misses you. You block the orc's attack.
The ball python closely misses you. The ball python constricts you.
Duvessa barely misses you.
Unknown command.
You hit Duvessa but do no damage.
Duvessa is heavily wounded.
The ball python bites you but does no damage.
The ball python constricts you. You block the orc's attack.
You block Duvessa's attack.
Unknown command.
You hit Duvessa.
Duvessa is severely wounded.
Duvessa hits you but does no damage. The ball python barely misses you.
The ball python constricts you. You block the orc's attack.
Unknown command.
You hit Duvessa.
Duvessa is severely wounded.
Duvessa hits you with a +0 short sword!
* * * LOW HITPOINT WARNING * * *
The ball python bites you but does no damage.
The ball python constricts you. The orc hits you with a +0 mace.
* * * LOW HITPOINT WARNING * * *
You hit Duvessa but do no damage. You kick Duvessa, but do no damage.
Duvessa is severely wounded.
Duvessa hits you with a +0 short sword!
* * * LOW HITPOINT WARNING * * *
The ball python bites you.
* * * LOW HITPOINT WARNING * * *
The ball python constricts you.
You hit Duvessa.
Duvessa is severely wounded.
Duvessa hits you with a +0 short sword!
You die...

.......#
....... ......
..... ...###
#....# #)...#
#eS.$# #@o..#
#○)..#
########....#
##.........###
##........#.#
#............#
#..........#.##
#..........#..#
.#
#..........#..#
..#


You could see Duvessa (berserk), an orc and a ball python.

Vanquished Creatures
  Pikel (D:4)
  Grinder (D:4)
  Eustachio (D:4)
  A centaur (D:4)
  2 lemures (D:4)
  Dowan (D:4)
  2 human zombies (Ossuary)
  3 orc priests
  Jessica (D:2)
  2 iguanas (D:4)
  6 mummies
  Robin (D:2)
  4 gnolls (D:3)
  5 adders
  A worm (D:3)
  A dart slug (D:1)
  8 orcs
  4 bats
  9 endoplasms
  3 giant cockroaches (D:1)
  16 goblins
  8 hobgoblins
  2 jackals (D:2)
  4 kobolds
  2 quokkas
  5 ball pythons
  4 frilled lizards
  A goblin zombie (Ossuary)
  3 kobold zombies (Ossuary)
  2 orc zombies (Ossuary)
  6 rats
110 creatures vanquished.

Notes
Turn   | Place    | Note
-------+----------+-------------------------------------------
     0 | D:1      | innerfire43 the Demonspawn Monk began the quest for the
                  | Orb.
     0 | D:1      | Reached XP level 1. HP: 18/18 MP: 1/1
    50 | D:1      | Identified a scroll of acquirement
    50 | D:1      | Acquired the +0 mask of the Dragon {Will+ Slay+3 SInv}
    50 | D:1      | Found the +0 mask of the Dragon {Will+ Slay+3 SInv}
   119 | D:1      | Upgraded the game from 0.31-a0-542-gdc2a67831c to
                  | 0.31-a0-544-gceb718ecc6
   137 | D:1      | Gained mutation: A meltable shield of frost defends you.
                  | (SH +4) [demonic ancestry]
   137 | D:1      | Reached XP level 2. HP: 20/24 MP: 2/2
   650 | D:2      | Noticed Jessica
   653 | D:2      | Killed Jessica
   654 | D:2      | Gained mutation: You are partially covered in molten
                  | scales. (AC +2) [demonic ancestry]
   654 | D:2      | Reached XP level 3. HP: 30/30 MP: 3/3
   808 | D:2      | Reached skill level 1 in Armour
   808 | D:2      | Reached XP level 4. HP: 31/37 MP: 4/4
   961 | D:2      | Noticed Robin
   990 | D:2      | Killed Robin
  1434 | D:3      | Gained mutation: A meltable icy envelope protects you from
                  | harm. (AC +4) [demonic ancestry]
  1434 | D:3      | Reached XP level 5. HP: 26/42 MP: 5/5
  1607 | D:3      | HP: 1/33 [orc/+0 dagger (1)]
  2291 | D:4      | Noticed a centaur
  2304 | D:4      | Killed a centaur
  2305 | D:4      | Gained mutation: You have large cloven feet. [demonic
                  | ancestry]
  2305 | D:4      | Reached XP level 6. HP: 23/49 MP: 6/6
  2315 | D:4      | Found a sand-covered staircase.
  2429 | Ossuary  | Entered an ossuary
  2514 | Ossuary  | Reached skill level 5 in Fighting
  2684 | D:4      | Noticed Grinder
  2696 | D:4      | Killed Grinder
  2697 | D:4      | Reached XP level 7. HP: 50/56 MP: 7/7
  2729 | D:4      | Noticed Pikel
  2729 | D:4      | Noticed Eustachio
  2904 | D:4      | Found a stormy altar of Qazlal.
  2915 | D:4      | Became a worshipper of Qazlal Stormbringer
  2915 | D:4      | Reached * piety under Qazlal
  2915 | D:4      | Reached ** piety under Qazlal
  3024 | D:4      | Killed Pikel
  3025 | D:4      | Reached skill level 5 in Polearms
  3025 | D:4      | Gained mutation: You regenerate magic rapidly. [demonic
                  | ancestry]
  3025 | D:4      | Reached XP level 8. HP: 45/65 MP: 8/8
  3094 | D:4      | Killed Eustachio
  3248 | D:4      | Noticed Duvessa
  3249 | D:4      | Noticed Dowan
  3257 | D:4      | Reached skill level 5 in Armour
  3266 | D:4      | Killed Dowan
  3276 | D:4      | Slain by Duvessa

Illustrated notes

Levels and vault maps discovered:
D:1:      roderic_crop_circles_arrival_large, layout_basic
D:2:      layout_basic, minmay_distorted, uniq_robin, uniq_jessica
D:3:      layout_basic, minivault_24, minmay_box_of_dots
D:4:      layout_rooms, nicolae_qazlal_eye_of_the_storm,
          mainiacjoe_overflow_chevrons, minmay_temple_entry_statues_fountains,
          gup_ossuary_entry_pyramid, nicolae_elevator_lobby_asterisk,
          uniq_grinder, uniq_eustachio, uniq_pikel, uniq_duvessa

Skill      XL: |  1  2  3  4  5  6  7  8 |
---------------+-------------------------+-----
Dodging        | 3 |  3.1
Polearms       | 3 4 5 6 |  6.0
Armour         | 1 2 3 4 5 |  5.0
Fighting       | 4 5 6 |  6.8

Action                     |  1- 3 |  4- 6 |  7- 9 || total
---------------------------+-------+-------+-------++-------
  Melee: Spear             |    71 |   316 |   136 ||   523
         Kick              |       |    31 |    47 ||    78
    Use: Scroll            |     1 |       |       ||     1
         Potion            |       |     1 |       ||     1
 Armour: Robe              |     5 |    69 |    33 ||   107
         Skin              |       |       |    13 ||    13
  Dodge: Dodged            |    29 |   151 |    81 ||   261
  Block: Orb               |     8 |    48 |    51 ||   107

Table legend: (Time is in decaauts)
 A = Elapsed time spent in this place.
 B = Non-inter-level travel time spent in this place.
 C = Inter-level travel time spent in this place.
 D = Time resting spent in this place.
 E = Time spent auto-exploring this place.
 F = Levels seen in this place.
 G = Mean time per level.
                   A        B        C        D        E       F      G
               +--------+--------+--------+--------+--------+-----+--------+
         Total |   3219 |   3106 |    113 |      0 |   2165 |   5 |  643.8 |
       Dungeon |   2976 |   2863 |    113 |      0 |   2048 |   4 |  744.0 |
       Ossuary |    243 |    243 |      0 |      0 |    117 |   1 |  243.0 |
               +--------+--------+--------+--------+--------+-----+--------+

Top non-repeatable levels by time:
     D:3: 1029 daAuts
     D:4: 708 daAuts
     D:1: 647 daAuts
     D:2: 590 daAuts
 Ossuary: 243 daAuts
